 Dungeon Crawl Stone Soup version 0.20-a0-492-g6327889 (webtiles) character file.

1114 GlaceonGamingDJ the Cutter (level 8, 0/120 HPs)
             Began as a Troll Berserker on Jan 15, 2017.
             Was a Priest of Trog.
             Slain by an orc wizard
             ... wielding a +2 dagger of venom
              (8 damage)
             ... on level 5 of the Dungeon.
             The game lasted 00:29:07 (3951 turns).

GlaceonGamingDJ the Cutter (Troll Berserker)        Turns: 3951, Time: 00:29:08

Health: 0/120      AC:  6    Str: 33    XL:     8   Next: 12%
Magic:  7/7        EV: 12    Int:  3    God:    Trog [***...]
Gold:   168        SH:  0    Dex:  9    Spells: 7/7 levels left

rFire    . . .     SeeInvis .   a - +0 short sword
rCold    . . .     Gourm    +   b - +0 animal skin
rNeg     . . .     Faith    .   (no shield)
rPois    .         Spirit   .   (helmet restricted)
rElec    .         Reflect  .   (no cloak)
rCorr    .         Harm     .   (gloves unavailable)
MR       .....     Clarity  +   (boots unavailable)
Stlth    ..........             (no amulet)
Regen    0.7/turn               (no ring)
                                (no ring)

@: berserking, lethally poisoned (0 -> -1), very quick
A: unfitting armour, claws 3, talons 1, rugged brown scales 1, clarity, fast
metabolism 3, gourmand, regeneration 1, shaggy fur 1, tough skin 2
a: Berserk, Trog's Hand, Burn Spellbooks, Renounce Religion


You were on level 5 of the Dungeon.
You worshipped Trog.
Trog was most pleased with you.
You were full.

You visited 1 branch of the dungeon, and saw 5 of its levels.

You collected 168 gold pieces.

Inventory:

Hand Weapons
 a - a +0 short sword (weapon)
Armour
 b - a +0 animal skin (worn)
Scrolls
 d - a scroll of blinking {unknown}
 e - a scroll of fog
 i - a scroll of fear
Potions
 g - a potion of flight
Comestibles
 c - 6 bread rations
 f - 6 fruits
 h - a meat ration


   Skills:
 + Level 4.2 Fighting
 + Level 5.6 Short Blades
 + Level 5.4 Dodging
 + Level 0.6 Stealth


You had 7 spell levels left.
You didn't know any spells.

Dungeon Overview and Level Annotations

Branches:
Dungeon (5/15)
 Temple: D:4-7

Altars:
Elyvilon
Trog


Innate Abilities, Weirdness & Mutations

You are too large for most types of armour.
You have claws for hands.
Your metabolism is lightning-fast.
You like to eat raw meat.
Your natural rate of healing is unusually fast.
You are covered in fur. (AC +1)
You have very tough skin. (AC +2)
You have sharp toenails.
You are partially covered in rugged brown scales. (AC +1, +3% HP)
You possess an exceptional clarity of mind.


Message History

There is a stone staircase leading up here.
You feel less exhausted.
The phantom blinks!
A red film seems to cover your vision as you go berserk!
You feel yourself moving faster!
You feel mighty!
You feel a strong urge to attack something.
Something hits you but does no damage.
You are poisoned.
The orc warrior hits you with a hand axe.
* * * LOW HITPOINT WARNING * * *
You barely miss the orc warrior.
You feel sick.
You hear some strange, mumbled words.
A puff of flame appears from out of thin air!
The puff of flame hits you!
* * * LOW HITPOINT WARNING * * *
You barely miss the orc warrior. You claw the orc warrior.
The orc warrior is moderately wounded.
The orc warrior hits you but does no damage.
Something hits you!
You die...

.########
........+
######.@#
.. #.o#
#. #.o#
.. #.W#
####.#..#
#......o#
#.##.##.#
#...oo#
#..##<#


You could see a phantom, an orc warrior and 4 orcs.

Vanquished Creatures
  Sigmund (D:2)
  Menkaure (D:4)
  An ogre (D:4)
  A centaur (D:5)
  The ghost of Potronius the Cudgeler, an amateur GrFi (D:3)
  A scorpion (D:4)
  2 howler monkeys
  A crimson imp (D:5)
  2 orc priests
  2 orc wizards (D:3)
  Ijyb (D:2)
  Terence (D:2)
  2 worker ants
  A hound zombie (D:5)
  Robin (D:3)
  A gnoll (D:1)
  6 adders
  2 oozes
  2 adder skeletons (D:4)
  4 worms
  A dart slug (D:1)
  3 leopard geckos
  14 orcs
  A giant cockroach (D:1)
  11 goblins
  15 hobgoblins
  7 jackals
  10 kobolds
  A quokka (D:3)
  A ball python (D:3)
  7 bats
  4 frilled lizards
  A jackal skeleton (D:4)
  A quokka skeleton (D:4)
  5 rats
116 creatures vanquished.

Notes
Turn   | Place    | Note
-------+----------+-------------------------------------------
     0 | D:1      | GlaceonGamingDJ the Troll Berserker began the quest for the Orb.
     0 | D:1      | Reached XP level 1. HP: 22/22 MP: 0/0
   283 | D:1      | Gained mutation: You possess an exceptional clarity of mind. [potion of mutation]
   283 | D:1      | Gained mutation: You have sharp toenails. [potion of mutation]
   283 | D:1      | Gained mutation: You are partially covered in rugged brown scales. (AC +1, +3% HP) [potion of mutation]
   368 | D:1      | Reached XP level 2. HP: 28/29 MP: 1/1
   568 | D:1      | Reached XP level 3. HP: 36/37 MP: 2/2
   878 | D:2      | Reached ** piety under Trog
  1211 | D:2      | Noticed Sigmund
  1227 | D:2      | Killed Sigmund
  1227 | D:2      | Reached XP level 4. HP: 25/46 MP: 3/3
  1227 | D:2      | Reached XP level 5. HP: 30/54 MP: 4/4
  1325 | D:2      | Noticed Ijyb
  1353 | D:2      | Killed Ijyb
  1497 | D:2      | Reached XP level 6. HP: 55/62 MP: 5/5
  1510 | D:2      | Noticed Terence
  1519 | D:2      | Killed Terence
  1995 | D:3      | Noticed Potronius's ghost (amateur GrFi)
  2009 | D:3      | Killed Potronius's ghost
  2032 | D:3      | Noticed Robin
  2068 | D:3      | Killed Robin
  2253 | D:3      | Found a white marble altar of Elyvilon.
  2337 | D:3      | Reached *** piety under Trog
  2466 | D:3      | Reached XP level 7. HP: 69/69 MP: 6/6
  3033 | D:4      | Reached skill level 5 in Dodging
  3158 | D:4      | Found a bloodstained altar of Trog.
  3285 | D:4      | Reached skill level 5 in Short Blades
  3323 | D:4      | Noticed Menkaure
  3337 | D:4      | Killed Menkaure
  3419 | D:4      | Reached **** piety under Trog
  3837 | D:5      | Entered Level 5 of the Dungeon
  3848 | D:5      | Reached XP level 8. HP: 80/80 MP: 7/7
  3933 | D:5      | HP: 1/80 [orc warrior/hand axe (15)]
  3951 | D:5      | Slain by an orc wizard

Vault maps used:
D:1:      evilmike_arrival_plus
D:2:      serial_bayou_lagoon_b, uniq_sigmund, uniq_terence, uniq_iyjb
D:3:      lemuel_crystal_altar, first_bread, uniq_robin, uniq_crazy_yiuf_cottage
D:4:      lightli_temple_of_fire, uniq_menkaure
D:5:      minmay_ruined_shrine, uniq_prince_ribbit1

Skill      XL: |  1  2  3  4  5  6  7 |
---------------+----------------------+-----
Fighting       | 3 4 |  4.2
Dodging        | 3 4 5 |  5.4
Short Blades   | 3 4 5 |  5.6
Stealth        | |  0.6

Action                   |  1- 3 |  4- 6 |  7- 9 || total
-------------------------+-------+-------+-------++-------
Melee: Short sword       |   121 |   185 |   168 ||   474
       Kick              |    33 |    56 |    56 ||   145
Invok: Berserk           |     2 |     4 |     8 ||    14
  Use: Potion            |     2 |     3 |     1 ||     6
       Scroll            |     1 |     4 |     2 ||     7
 Stab: Sleeping          |       |       |     1 ||     1
  Eat: Chunk             |    17 |    11 |    20 ||    48
       Bread ration      |       |     2 |       ||     2
Armor: Animal skin       |    81 |    78 |    69 ||   228
Dodge: Dodged            |   141 |   161 |   116 ||   418
